Map: [ESL] Babylon

Players

Bly

  • Race: Zerg Zerg
  • Spawn Location: 5:00

MaxPax - Winner!

  • Race: Protoss Protoss
  • Spawn Location: 11:00

Event: ESL SC2 Masters 2023 Summer (Regionals)

VOD

Have the link to the VOD?

Description

Time

  • Played on: May 3, 2023, 12:38 p.m.
  • Length: 10:45

All games in this series

Show
View Real Time Build Order
Export as new Build Order

Bly Zerg 

Build Orders: Hatch First 

Get SALT Encoding   

  12  0:00  Drone  
  13  0:12  Overlord  
  13  0:16  Drone  
  14  0:31  Drone x2  
  16  0:50  Hatchery  
  16  0:52  Drone  
  17  0:57  Drone  
  17  0:59  Drone  
  18  1:12  Extractor  
  18  1:15  Spawning Pool  
  18  1:18  Drone  
  17  1:24  Drone  
  18  1:30  Drone  
  19  1:38  Drone  
  20  1:49  Overlord  
  20  2:02  Queen x2  
  20  2:03  Zergling x4  
  26  2:15  Drone x2  
  28  2:16  Metabolic Boost  
  28  2:29  Drone x2  
  30  2:43  Hatchery, Zergling x2  
  30  2:49  Overlord  
  30  2:58  Overlord  
  29  3:01  Queen  
  29  3:03  Drone  
  31  3:15  Drone x5  
  35  3:20  Drone x2  
  37  3:34  Drone x3  
  40  3:36  Roach Warren  
  39  3:42  Drone x3  
  39  3:46  Queen  
  44  3:50  Drone  
  44  3:51  Drone  
  44  3:52  Drone  
  47  4:00  Overlord  
  47  4:18  Roach x5  
  47  4:20  Roach  
  47  4:21  Roach x2  
  47  4:22  Overlord x2  
  47  4:23  Zergling x2  
  64  4:29  Overlord  
  64  4:31  Overlord  
  64  4:32  Overlord  
  64  4:34  Overlord  
  64  4:44  Extractor  
  63  4:47  Zergling x16  
  71  4:55  Zergling x10  
  76  5:06  Spore Crawler  
  74  5:14  Zergling x8  
  76  5:31  Roach x7  
  87  5:44  Zergling x20  
  97  5:51  Ravager x2  
  97  5:53  Overlord  
  100  6:04  Drone x5  
  100  6:08  Overlord  
  104  6:17  Drone  
  104  6:18  Drone x9  
  110  6:23  Extractor  
  109  6:26  Overlord  
  97  6:43  Drone x5  
  101  6:47  Lair  
  101  6:49  Extractor  
  100  6:55  Queen x2, Overlord  
  100  6:59  Overlord  
  103  7:07  Drone  
  103  7:08  Drone x8  
  97  7:09  Drone x3  
  102  7:27  Roach x9  
  102  7:28  Roach  
  122  7:39  Extractor  
  121  7:45  Ravager x7  
  121  7:46  Hatchery  
  121  7:49  Extractor  
  124  7:53  Zergling x12  
  124  7:54  Overlord x2  
  124  7:55  Overlord  
  130  7:59  Overlord  
  130  8:05  Glial Reconstitution  
  124  8:06  Overlord  
  114  8:13  Zergling x18  
  117  8:21  Roach  
  117  8:22  Roach  
  117  8:26  Roach x4  
  92  8:35  Roach x5  
  92  8:39  Roach x2  
  100  8:49  Roach x2  
  99  9:01  Roach x6  
  104  9:12  Drone x3  
  107  9:19  Overlord  
  104  9:24  Drone x3  
  104  9:31  Burrow  
  107  9:33  Drone x6  
  107  9:36  Drone x2  
  115  9:47  Drone x6  
  121  9:54  Overlord  
  121  9:56  Ravager x4  
  121  9:58  Ravager x4  
  129  10:02  Overlord  
  129  10:03  Overlord  
  113  10:16  Roach  
  113  10:17  Roach x6  
  99  10:23  Roach  
  99  10:24  Roach x2  
Show
View Real Time Build Order
Export as new Build Order

MaxPax Protoss - Winner!

Build Orders: 1 Gate Expand, Mass Adepts 

Get SALT Encoding   

  12  0:00  Probe  
  13  0:12  Probe  
  14  0:19  Pylon  
  14  0:24  Probe  
  15  0:37  Probe (Chrono Boost)  
  15  0:40  Gateway  
  16  0:46  Probe (Chrono Boost)  
  17  0:50  Assimilator  
  17  0:52  Probe (Chrono Boost)  
  18  1:03  Probe  
  19  1:15  Probe  
  20  1:27  Nexus  
  20  1:36  Cybernetics Core  
  20  1:39  Probe  
  21  1:43  Assimilator  
  21  1:51  Probe  
  22  1:55  Pylon  
  22  2:03  Probe  
  23  2:11  Adept (Chrono Boost)  
  23  2:14  Warp Gate  
  25  2:15  Probe  
  26  2:27  Probe  
  27  2:30  Twilight Council  
  27  2:31  Adept (Chrono Boost)  
  29  2:40  Probe (Chrono Boost)  
  31  2:45  Probe (Chrono Boost)  
  31  2:49  Probe (Chrono Boost)  
  32  2:53  Probe (Chrono Boost)  
  32  2:54  Probe (Chrono Boost)  
  32  2:55  Stalker  
  36  3:04  Probe  
  37  3:06  Probe  
  38  3:16  Probe  
  38  3:19  Gateway x2  
  39  3:20  Gateway, Resonating Glaives (Chrono Boost)  
  39  3:22  Probe  
  40  3:29  Probe  
  41  3:34  Robotics Facility  
  41  3:37  Probe  
  41  3:39  Pylon  
  42  3:41  Probe  
  42  3:43  Pylon  
  43  3:49  Probe  
  44  3:56  Probe  
  44  3:59  Assimilator  
  45  4:04  Probe  
  45  4:08  Probe, Pylon  
  47  4:13  Adept x2  
  47  4:14  Adept  
  47  4:16  Adept  
  55  4:19  Warp Prism (Chrono Boost)  
  55  4:21  Probe  
  58  4:29  Probe, Robotics Bay  
  59  4:39  Adept x4  
  68  4:45  Probe  
  68  4:46  Assimilator  
  68  4:49  Pylon, Observer  
  69  4:55  Probe  
  64  5:09  Shield Battery  
  64  5:11  Pylon  
  64  5:12  Adept x4  
  72  5:18  Disruptor (Chrono Boost)  
  75  5:30  Nexus  
  75  5:34  Shield Battery  
  71  5:44  Pylon  
  71  5:45  Disruptor (Chrono Boost)  
  74  5:53  Adept x4  
  82  6:08  Probe  
  82  6:18  Gravitic Drive  
  82  6:22  Pylon  
  82  6:33  Adept  
  82  6:34  Adept  
  82  6:35  Probe  
  86  6:40  Disruptor  
  86  6:41  Blink (Chrono Boost)  
  86  6:42  Probe  
  88  6:51  Pylon  
  88  6:55  Nexus  
  88  6:56  Probe x2  
  88  6:57  Pylon  
  90  7:08  Probe  
  91  7:09  Probe  
  91  7:11  Stalker x4, Pylon  
  100  7:20  Probe  
  100  7:21  Probe  
  102  7:26  Observer  
  103  7:32  Probe  
  103  7:33  Probe  
  105  7:37  Forge  
  105  7:44  Probe  
  105  7:45  Probe, Stalker x4  
  115  7:56  Probe  
  115  7:57  Probe  
  115  8:12  Probe, Stalker x4  
  118  8:15  Probe  
  112  8:29  Probe  
  112  8:32  Probe x2  
  112  8:33  Protoss Ground Weapons Level 1 (Chrono Boost)  
  106  8:41  Probe  
  106  8:42  Gateway  
  106  8:44  Probe  
  106  8:45  Gateway  
  105  8:49  Gateway x2  
  101  8:57  Stalker x4  
  101  8:59  Immortal (Chrono Boost), Assimilator  
  101  9:00  Assimilator  
  101  9:02  Templar Archives, Charge  
  107  9:17  Nexus  
  107  9:18  Pylon  
  107  9:25  Stalker x4  
  107  9:29  Pylon, Photon Cannon  
  115  9:33  Probe  
  115  9:34  Probe x2  
  118  9:45  Probe  
  118  9:46  High Templar x4  
  118  9:47  Probe x2  
  118  9:49  Stalker x2  
  118  9:50  Archon  
  118  9:51  Archon  
  118  9:52  Stalker  
  135  9:56  Stalker  
  135  9:58  Probe  
  135  9:59  Probe  
  139  10:01  Photon Cannon  
  139  10:05  Immortal (Chrono Boost)  
  139  10:12  Photon Cannon  
  137  10:21  Stalker x3  
  137  10:25  Stalker x2  
  134  10:36  Stalker x3  
Tags
 
Add a new tag
Caveats
  • Supply blocks, unpowered buildings, or Contaminate may cause inaccurate times.
  • Supply counts are checked every 10 seconds.